cohdb
Replays
Latest Replays
All Replays
Popular Replays
Top Player Replays
Match Explorer
How It Works
Community
CoH3 Stats
Reddit
Sign in to upload your games and track your stats! →
Sign in with Steam
Match 45796220
Unlisted
Match 45796220
Overview
Messages
Build Orders
End
Kradschützen Motorcycle Team
Selects Armored Support Battlegroup
Panzergrenadier Squad
Panzergrenadier Squad
Construct Light Support Kompanie
MG34 Team
Selects Superior Fire Drills
2.5-tonne Medical Truck
Assault Grenadier Squad
Assault Mechanized Group
Construct Mechanized Kompanie
Support Armor Elements
Selects Salvage Kits
Emergency Repair Kits
Selects Flammpanzer III Medium Tank
StuG III D Assault Gun
Assault Mechanized Group
Marder III Tank Destroyer
Marder III Tank Destroyer
Selects Command Panzer IV F Medium Tank
Marder III Tank Destroyer
Rapid Advance
Pak 38 Mechanized Group
Hello
Wolfe
0
0
Comments
sign in to comment!
No comments posted yet!